 Dungeon Crawl Stone Soup version 0.27.1-3-gb3d3a73c9e (webtiles) character file.

Game seed: 17658916475079606281

46 Descartes the Sneak (level 3, -2/15 HPs)
             Began as a Felid Transmuter on Oct 24, 2021.
             Slain by an orc (5 damage)
             ... on level 2 of the Dungeon.
             The game lasted 00:02:39 (2947 turns).

Descartes the Sneak (Felid Transmuter)              Turns: 2947, Time: 00:02:40

Health: -2/15      AC:  5    Str:  7    XL:     3   Next: 46%
Magic:  7/7        EV: 18    Int: 14    God:
Gold:   67         SH:  0    Dex: 16    Spells: 5/6 levels left
                                        Lives:  0   Deaths: 0

rFire    . . .     SeeInvis +     - Unarmed
rCold    . . .     Faith    .   (shield unavailable)
rNeg     . . .     Spirit   .   (armour unavailable)
rPois    .         Reflect  .   (helmet unavailable)
rElec    .         Harm     .   (cloak unavailable)
rCorr    .         Rampage  .   (gloves unavailable)
Will     .....                  (boots unavailable)
Stlth    +++.......             (no amulet)
HPRegen  0.05/turn              f - +4 ring of protection
MPRegen  0.10/turn              (no ring)

@: appendages (expiring), quick
A: horns 2, very small, claws 1, fangs 3, see invisible, speed 1, shaggy fur 1,
stealthy paws, no weapons or thrown items, no armour, multi-lived
a: End Transformation


You were on level 2 of the Dungeon.
You had temporarily grown beastly horns.
You visited 1 branch of the dungeon, and saw 3 of its levels.

You collected 67 gold pieces.

Inventory:

Missiles
 d - 164 stones
Jewellery
 f - a +4 ring of protection (left paw)
Scrolls
 a - 3 scrolls of identify {unknown}
 h - 2 scrolls of fog {unknown}
 i - a scroll of acquirement {unknown}
 j - a scroll of holy word {unknown}
 k - a scroll of amnesia {unknown}
 l - a scroll of fear {unknown}
Potions
 b - a potion of brilliance {unknown}
 c - a potion of might {unknown}
 e - a potion of magic {unknown}
 g - a potion of curing {unknown}


   Skills:
 - Level 1.0 Fighting
 + Level 3.7 Dodging
 * Level 3.8 Stealth
 - Level 3.0 Unarmed Combat
 - Level 2.0 Spellcasting
 - Level 2.1 Transmutations


You had 5 spell levels left.
You knew the following spells:

 Your Spells              Type           Power      Damage    Failure   Level
a - Beastly Appendage     Tmut           14%        N/A       10%         1

Your spell library contained the following spells:

 Spells                   Type           Power      Damage    Failure   Level
 Wereblood                Tmut           7%         N/A       14%         2
 Spider Form              Tmut/Pois      2%         N/A       41%         3
 Ice Form                 Ice/Tmut       4%         N/A       83%         4


Dungeon Overview and Level Annotations

Branches:
Dungeon (3/15)

Altars:

Shops:
D:1 *


Innate Abilities, Weirdness & Mutations

You have temporarily grown beastly horns.
You have sharp claws.
You have razor-sharp teeth.
You have supernaturally acute eyesight. (SInv)
You cover ground quickly. (Speed+)
You are covered in fur. (AC +1)
Your paws help you pounce on unaware monsters.
You are incapable of wielding weapons or throwing items.
You cannot wear armour.
You gain extra lives every three experience levels.


Message History

Confirm with . or Enter, or press ? or * to list all spells.
You extend your transformation's duration.
The orc completely misses you.
The orc wizard hits you with a +0 dagger.
You barely miss the orc wizard. The orc misses you.
The orc wizard gestures at you while chanting.
The magic dart hits you!
You are too injured to fight recklessly!
You are too injured to fight recklessly!
Unknown command.
You scratch the orc wizard but do no damage.
You claw the orc wizard, but do no damage.
The orc barely misses you.
The orc wizard hits you but does no damage.
You scratch the orc wizard. Your headbutt misses the orc wizard.
The orc wizard is moderately wounded.
The orc misses you. The orc wizard misses you.
You barely miss the orc wizard.
You headbutt the orc wizard, but do no damage.
The orc wizard is moderately wounded.
The orc hits you with a +0 hand axe.
* * * LOW HITPOINT WARNING * * *
The orc wizard hits you but does no damage.
You barely miss the orc wizard.
The orc wizard is moderately wounded.
The orc misses you. The orc wizard closely misses you.
Your transformation is almost over.
You scratch the orc wizard but do no damage.
The orc wizard is moderately wounded.
The orc wizard misses you.
You closely miss the orc wizard.
The orc wizard is moderately wounded.
The orc barely misses you. The orc wizard misses you.
The orc wizard hits you but does no damage.
You see here 15 arrows.
You scratch the orc wizard but do no damage.
Your headbutt misses the orc wizard.
The orc wizard is moderately wounded.
The orc hits you with a +0 hand axe.
You die...

#.....#.....#........#.#
#(..
#####...##..#.###.####.#
#### ##............# #.#
#.###.)#.##### #.#
#.###..#....# #.#
######...........# #.#
............##...#####.#
.########...........##.#####
.# #.#.....@..........# .#
#.#....oo..........# .#
#.####.>.#.##.####.# ## #.#
#..[#.##.# #.# #.#
#...#.##.####.###### #.#
##.##.##...........# ##.#
#.........##.####.# #..#
#..#.###.###.## #.# #.##
#..#.# ####...# #.#


You could see an orc wizard (invisible) and an orc.

Vanquished Creatures
  A worm (D:2)
  2 dart slugs
  An orc (D:2)
  A bat (D:2)
  3 endoplasms (D:1)
  4 goblins
  5 hobgoblins
  2 jackals (D:1)
  5 kobolds
  3 quokkas (D:1)
  3 ball pythons (D:1)
  2 frilled lizards
  2 rats
34 creatures vanquished.

Notes
Turn   | Place    | Note
-------+----------+-------------------------------------------
     0 | D:1      | Descartes the Felid Transmuter began the quest for the Orb.
     0 | D:1      | Reached XP level 1. HP: 9/9 MP: 4/4
   110 | D:1      | Reached skill level 1 in Stealth
   141 | D:1      | Reached XP level 2. HP: 11/12 MP: 6/6
   927 | D:1      | Found Teczaq's General Store.
  1545 | D:1      | Found a faded altar of an unknown god.
  1648 | D:2      | Reached XP level 3. HP: 15/15 MP: 5/7
  2947 | D:2      | Slain by an orc

Illustrated notes

Levels and vault maps discovered:
D:1:      psy_arrival_conway, layout_loops_ring, serial_shops,
          nicolae_shop_window_shopping,
          dreamdust_ecumenical_altar_hidden_monk_grotto, kennysheep_minor_cross
D:2:      layout_loops_ring
D:3:      layout_loops_cross, uniq_sigmund

Skill      XL: |  1  2 |
---------------+-------+-----
Stealth        | 2 3 |  3.8
Dodging        | 3 |  3.7
Fighting       | |  1.0
Unarmed Combat | |  3.0
Spellcasting   | |  2.0
Transmutations | |  2.1

Action                   || total
-------------------------++-------
Melee: Unarmed           ||    91
       Headbutt          ||    13
       Punch             ||     3
       Bite              ||     1
 Cast: Beastly Appendage ||    26
 Stab: Sleeping          ||     8
Armor: Skin              ||     4
Dodge: Dodged            ||    63
